[Event "BL 2018-19"]
[Site "Berlin"]
[Date "2019.03.03"]
[Round "11.24"]
[White "Wegerle, Joerg"]
[Black "Margolin, Boris"]
[Result "1-0"]
[ECO "B06"]
[WhiteElo "2409"]
[BlackElo "2386"]
[Annotator "NA"]
[PlyCount "77"]
[EventDate "2018.11.10"]
[EventType "team-tourn"]
[EventCountry "GER"]
[SourceTitle "playchess.com"]
[Source "ChessBase"]
[SourceQuality "1"]
[WhiteTeam "Solingen"]
[BlackTeam "SV Hofheim"]
[TimeControl "40/6000+30:3000+30"]

1. d4 g6 2. e4 Bg7 3. Nf3 d6 4. Nc3 a6 5. Be3 b5 6. Bd3 Nd7 7. a4 b4 8. Ne2 Ngf6 9. Qd2 Rb8 10. Bh6 Bxh6 11. Qxh6 e5 12. O-O Ng4 13. Qd2 O-O 14. h3 Ngf6 15. Qh6 Re8 16. Ng5 Re7 17. f4 Qf8 18. Qxf8+ Kxf8 19. fxe5 dxe5 20. dxe5 Rxe5 21. Nf3 Rc5 22. e5 Ne8 23. Ned4 Kg7 24. Nb3 Rxe5 25. Nxe5 Nxe5 26. Rae1 f6 27. a5 Nd6 28. Rf4 Bf5 29. Bxa6 g5 30. Rf2 Ra8 31. Bf1 c5 32. Rd1 Nef7 33. a6 c4 34. Nc5 Bc8 35. Rfd2 Nf5 36. Bxc4 Ne3 37. Bxf7 Kxf7 38. Re1 Nc4 39. Rd8 1-0

[Event "BL 2018-19"]
[Site "Berlin"]
[Date "2019.03.03"]
[Round "11.30"]
[White "Boensch, Uwe"]
[Black "Gerigk, Erasmus"]
[Result "0-1"]
[ECO "D37"]
[WhiteElo "2553"]
[BlackElo "2355"]
[Annotator "ChessBase"]
[PlyCount "114"]
[EventDate "2018.11.10"]
[EventType "team-tourn"]
[EventCountry "GER"]
[SourceTitle "playchess.com"]
[Source "ChessBase"]
[SourceQuality "1"]
[WhiteTeam "Dresden"]
[BlackTeam "Zugzwang Muenchen"]
[TimeControl "40/6000+30:3000+30"]

1. d4 Nf6 2. c4 e6 3. Nf3 d5 4. Nc3 dxc4 5. e3 a6 6. a4 c5 7. Bxc4 Nc6 8. O-O Be7 9. b3 O-O 10. Bb2 cxd4 11. exd4 Nb4 12. Ne5 b6 13. f4 g6 14. Qf3 Ra7 15. Rad1 Bb7 16. Qh3 Nbd5 17. Ne2 Ba8 18. Bc1 Ne4 19. f5 exf5 20. Bh6 Re8 21. Rxf5 gxf5 22. Qxf5 Bg5 23. Bxg5 Qxg5 24. Qxe4 Ne3 25. Nxf7 Bxe4 26. Nxg5+ Nxc4 27. bxc4 Bc2 28. Rd2 Bxa4 29. Nc3 Bc6 30. d5 Bd7 31. Nge4 Kg7 32. Rb2 b5 33. cxb5 axb5 34. Nc5 Rc8 35. N3e4 Be8 36. d6 Bc6 37. Nc3 Rb8 38. Ne6+ Kg6 39. Nd4 Bd7 40. Rb4 Ra6 41. Nf3 Rxd6 42. Ne5+ Kf6 43. Nxd7+ Rxd7 44. Rxb5 Rxb5 45. Nxb5 Rd3 46. Na7 Rc3 47. Nb5 Rc1+ 48. Kf2 Ke5 49. h3 Rc2+ 50. Kf3 Rc5 51. Na7 Kd6 52. g4 Kc7 53. h4 Kb7 54. g5 Kxa7 55. Kg4 Kb7 56. h5 Kc7 57. g6 h6 0-1

[Event "BL 2018-19"]
[Site "Berlin"]
[Date "2019.03.03"]
[Round "11.32"]
[White "Loxine, Jakov"]
[Black "Eichler, Christoph"]
[Result "1/2-1/2"]
[ECO "A13"]
[WhiteElo "2393"]
[BlackElo "2315"]
[Annotator "NA"]
[PlyCount "55"]
[EventDate "2018.11.10"]
[EventType "team-tourn"]
[EventCountry "GER"]
[SourceTitle "playchess.com"]
[Source "ChessBase"]
[SourceQuality "1"]
[WhiteTeam "Dresden"]
[BlackTeam "Zugzwang Muenchen"]
[TimeControl "40/6000+30:3000+30"]

1. c4 e6 2. Nc3 d5 3. cxd5 exd5 4. d4 c6 5. Bf4 Bd6 6. Bxd6 Qxd6 7. e3 Nf6 8. Bd3 O-O 9. h3 Be6 10. Nf3 Nbd7 11. O-O Rfc8 12. Rb1 a5 13. Qc2 h6 14. Rbc1 b5 15. Ne2 b4 16. Nf4 c5 17. dxc5 Nxc5 18. Nd4 Bd7 19. Qd1 a4 20. f3 Re8 21. Qd2 Qe7 22. Bb1 Rac8 23. Rfe1 g5 24. Nd3 Nxd3 25. Bxd3 Rxc1 26. Qxc1 Rc8 27. Qd2 Qc5 28. Kf2 1/2-1/2

[Event "BL 2018-19"]
[Site "Berlin"]
[Date "2019.03.09"]
[Round "12"]
[White "Gajewski, Grzegorz"]
[Black "Fedorchuk, Sergey A."]
[Result "1/2-1/2"]
[ECO "C14"]
[WhiteElo "2595"]
[BlackElo "2611"]
[Annotator "ChessBase"]
[PlyCount "41"]
[EventDate "2018.11.10"]
[EventType "team-tourn"]
[EventCountry "GER"]
[SourceTitle "playchess.com"]
[Source "ChessBase"]
[SourceQuality "1"]
[WhiteTeam "Dresden"]
[BlackTeam "Viernheim"]
[TimeControl "40/6000+30:3000+30"]

1. e4 e6 2. d4 d5 3. Nc3 Nf6 4. Bg5 Be7 5. e5 Nfd7 6. h4 h6 7. Bxe7 Qxe7 8. Nb5 Nb6 9. c3 a6 10. Na3 c5 11. Nc2 Nc6 12. Ne2 Bd7 13. Nf4 O-O-O 14. g3 Kb8 15. Nd3 Na4 16. Rb1 f6 17. exf6 Qxf6 18. dxc5 d4 19. Bg2 dxc3 20. Ne3 c2 21. Nxc2 1/2-1/2

[Event "BL 2018-19"]
[Site "Berlin"]
[Date "2019.03.09"]
[Round "12"]
[White "Wagner, Dennis"]
[Black "Schmidek, Emil"]
[Result "*"]
[ECO "B56"]
[WhiteElo "2576"]
[BlackElo "2387"]
[Annotator "ChessBase"]
[PlyCount "129"]
[EventDate "2018.11.10"]
[EventType "team-tourn"]
[EventCountry "GER"]
[SourceTitle "playchess.com"]
[Source "ChessBase"]
[SourceQuality "1"]
[WhiteTeam "Hockenheim"]
[BlackTeam "SF Berlin"]
[TimeControl "40/6000+30:3000+30"]

1. e4 c5 2. Nf3 d6 3. d4 cxd4 4. Nxd4 Nf6 5. Nc3 Bd7 6. Bc4 e6 7. Bb3 Na6 8. g4 Nc5 9. Qe2 Bc6 10. f3 Be7 11. Be3 Nfd7 12. O-O-O Nxb3+ 13. axb3 Qa5 14. Kb1 a6 15. h4 h5 16. g5 g6 17. f4 Nc5 18. Rhe1 O-O 19. f5 Rfe8 20. Bd2 exf5 21. Qf2 Qc7 22. exf5 Bf8 23. Nxc6 bxc6 24. b4 Nd7 25. Ne4 d5 26. Nf6+ Nxf6 27. gxf6 Kh7 28. Qg2 Qd7 29. fxg6+ fxg6 30. Rg1 Qf7 31. Bc3 Re4 32. Rde1 Rae8 33. Qf2 R8e6 34. Rxe4 dxe4 35. Qd4 Bh6 36. Re1 e3 37. Qd3 Qb7 38. Qd8 Qf7 39. Qd3 Qb7 40. Rg1 Qf7 41. Rxg6 Qxg6 42. Qd7+ Kg8 43. Qxe6+ Qf7 44. Qxc6 Bf8 45. Qxa6 Qd5 46. Qa2 Qxa2+ 47. Kxa2 Bd6 48. Be1 Kf7 49. Kb3 Kxf6 50. Kc4 Kf5 51. Kd3 Kf4 52. c4 Kf3 53. c5 Be7 54. b3 e2 55. c6 Bd6 56. b5 Bc7 57. Kd4 Bg3 58. Bb4 Bd6 59. Bc3 Bc7 60. Kd5 Kf2 61. Kc5 Be5 62. Ba5 Ke3 63. b6 Bd4+ 64. Kb5 Kd3 65. c7 *

[Event "BL 2018-19"]
[Site "Berlin"]
[Date "2019.03.09"]
[Round "12"]
[White "Abel, Dennes"]
[Black "Ponomariov, Ruslan"]
[Result "0-1"]
[ECO "A31"]
[WhiteElo "2465"]
[BlackElo "2665"]
[Annotator "ChessBase"]
[PlyCount "40"]
[EventDate "2018.11.10"]
[EventType "team-tourn"]
[EventCountry "GER"]
[SourceTitle "playchess.com"]
[Source "ChessBase"]
[SourceQuality "1"]
[WhiteTeam "SF Berlin"]
[BlackTeam "Hockenheim"]
[TimeControl "40/6000+30:3000+30"]

1. d4 Nf6 2. c4 c5 3. Nf3 cxd4 4. Nxd4 e5 5. Nb5 d5 6. cxd5 Bc5 7. N5c3 O-O 8. g3 Ng4 9. e3 f5 10. Be2 Nh6 11. Nd2 Nd7 12. Nb3 Bd6 13. e4 f4 14. f3 a6 15. Qd3 Nf6 16. g4 Nf7 17. Bd2 Bd7 18. O-O-O b5 19. a3 Qb6 20. Na2 a5 0-1

[Event "BL 2018-19"]
[Site "Berlin"]
[Date "2019.03.09"]
[Round "12"]
[White "Maiwald, Jens-Uwe"]
[Black "Libiszewski, Fabien"]
[Result "0-1"]
[ECO "B90"]
[WhiteElo "2443"]
[BlackElo "2481"]
[Annotator "ChessBase"]
[PlyCount "84"]
[EventDate "2018.11.10"]
[EventType "team-tourn"]
[EventCountry "GER"]
[SourceTitle "playchess.com"]
[Source "ChessBase"]
[SourceQuality "1"]
[WhiteTeam "Dresden"]
[BlackTeam "Viernheim"]
[TimeControl "40/6000+30:3000+30"]

1. e4 c5 2. Nf3 d6 3. d4 cxd4 4. Nxd4 Nf6 5. Nc3 a6 6. f3 e6 7. g4 Nc6 8. g5 Nd7 9. h4 Qb6 10. Nb3 Be7 11. Qe2 Qc7 12. Be3 b5 13. O-O-O Bb7 14. Kb1 Rc8 15. Rg1 Nce5 16. Qf2 b4 17. Bd4 bxc3 18. Bxc3 Nc5 19. Nxc5 Qxc5 20. Bd4 Qc7 21. Rc1 O-O 22. f4 Nd7 23. f5 e5 24. Be3 Bxe4 25. f6 Rb8 26. Qd2 Bd8 27. Bd3 Qb7 28. b3 Bb6 29. fxg7 Rfc8 30. h5 Bxe3 31. Qxe3 Nc5 32. g6 Bxd3 33. cxd3 Nxb3 34. Rxc8+ Rxc8 35. gxh7+ Kxh7 36. Qe4+ Qxe4 37. dxe4 Nd2+ 38. Kb2 Nxe4 39. h6 Rg8 40. Rh1 Ng3 41. Rh3 Nf5 42. Ra3 Ra8 0-1

[Event "BL 2018-19"]
[Site "Berlin"]
[Date "2019.03.09"]
[Round "12"]
[White "Loxine, Jakov"]
[Black "Markert, Malte"]
[Result "*"]
[ECO "B13"]
[WhiteElo "2393"]
[BlackElo "2330"]
[Annotator "NA"]
[PlyCount "149"]
[EventDate "2018.11.10"]
[EventType "team-tourn"]
[EventCountry "GER"]
[SourceTitle "playchess.com"]
[Source "ChessBase"]
[SourceQuality "1"]
[WhiteTeam "Dresden"]
[BlackTeam "Viernheim"]
[TimeControl "40/6000+30:3000+30"]

1. e4 c6 2. d4 d5 3. exd5 cxd5 4. Bd3 Nc6 5. c3 Qc7 6. Ne2 Bg4 7. O-O e6 8. Qe1 Nf6 9. Bg5 Bxe2 10. Qxe2 Bd6 11. g3 h6 12. Be3 h5 13. Bg5 O-O-O 14. Nd2 h4 15. Kg2 Rdg8 16. Nf3 Nh5 17. Nxh4 Bf4 18. Qg4 Bxg5 19. Qxg5 Rh6 20. Rae1 Rgh8 21. Nf3 f6 22. Qd2 g5 23. Rh1 Qd7 24. h4 g4 25. Nh2 f5 26. Qg5 Nd8 27. Re2 Nf7 28. Qc1 Rg8 29. c4 Kb8 30. Rhe1 f4 31. Rc2 fxg3 32. fxg3 Nxg3 33. Qf4+ Nd6 34. Qxg3 dxc4 35. Rxc4 Ka8 36. Rc5 Nf5 37. Bxf5 exf5 38. Rce5 a6 39. d5 Rf8 40. Rf1 Rb6 41. b3 Rb5 42. Nxg4 Rxd5 43. Rxd5 Qxd5+ 44. Kh2 Re8 45. Ne3 Qd2+ 46. Ng2 Qxa2 47. Rxf5 Qc2 48. Rf7 Rh8 49. Rg7 Ka7 50. Qe3+ Ka8 51. Qg3 Ka7 52. Re7 Qc6 53. Qe3+ Ka8 54. Qe4 Qc8 55. Qd5 Rd8 56. Qe4 Rh8 57. Ne3 Qb8+ 58. Kh3 Qc8+ 59. Qe6 Qf8 60. Nf5 Qd8 61. Nd6 Qa5 62. Qe5 Qxe5 63. Rxe5 Rh6 64. Nc4 Kb8 65. h5 b5 66. Na5 Kc7 67. Kg4 Rd6 68. Re4 Rd1 69. h6 Kd6 70. Kg5 Rh1 71. Rh4 Rg1+ 72. Rg4 Rh1 73. Kg6 Kc5 74. b4+ Kb6 75. h7 *

[Event "BL 2018-19"]
[Site "Berlin"]
[Date "2019.03.09"]
[Round "12"]
[White "Florstedt, Johannes"]
[Black "Buhmann, Rainer"]
[Result "1-0"]
[ECO "B90"]
[WhiteElo "2337"]
[BlackElo "2574"]
[Annotator "RC"]
[PlyCount "42"]
[EventDate "2018.11.10"]
[EventType "team-tourn"]
[EventCountry "GER"]
[SourceTitle "playchess.com"]
[Source "ChessBase"]
[SourceQuality "1"]
[WhiteTeam "SF Berlin"]
[BlackTeam "Hockenheim"]
[TimeControl "40/6000+30:3000+30"]

1. e4 c5 2. Nf3 d6 3. d4 cxd4 4. Nxd4 Nf6 5. Nc3 a6 6. Be3 Ng4 7. Bg5 h6 8. Bc1 Nf6 9. Bc4 e6 10. Bb3 Nc6 11. Nxc6 bxc6 12. Qf3 d5 13. O-O Be7 14. Ba4 Bd7 15. e5 Nh7 16. Qg4 Nf8 17. Ne2 h5 18. Qxg7 Ng6 19. Nf4 Bf8 20. Qf6 Be7 21. Qg7 Bf8 1-0

[Event "BL 2018-19"]
[Site "Berlin"]
[Date "2019.03.09"]
[Round "12"]
[White "Heinemann, Josefine"]
[Black "Moehn, Hans"]
[Result "*"]
[ECO "C42"]
[WhiteElo "2329"]
[BlackElo "2371"]
[Annotator "NA"]
[PlyCount "74"]
[EventDate "2018.11.10"]
[EventType "team-tourn"]
[EventCountry "GER"]
[SourceTitle "playchess.com"]
[Source "ChessBase"]
[SourceQuality "1"]
[WhiteTeam "Viernheim"]
[BlackTeam "Dresden"]
[TimeControl "40/6000+30:3000+30"]

1. e4 e5 2. Nf3 Nf6 3. Nxe5 d6 4. Nf3 Nxe4 5. Be2 d5 6. O-O Bd6 7. d3 Nf6 8. Bg5 O-O 9. Nbd2 c5 10. c4 h6 11. Bh4 g5 12. Bg3 Bxg3 13. fxg3 Nc6 14. Nb3 Ng4 15. Qd2 b6 16. cxd5 Qxd5 17. h3 Nge5 18. Nxg5 Nd4 19. Bf3 Nexf3+ 20. Nxf3 Nxb3 21. axb3 Kh7 22. Nh4 Be6 23. Ra4 Qg5 24. Qf2 Rg8 25. Nf5 Rg6 26. g4 Bxb3 27. Rf4 Rf8 28. h4 Qd8 29. Qd2 Be6 30. h5 Bxf5 31. hxg6+ Bxg6 32. d4 Qd5 33. Qe3 cxd4 34. Rxd4 Qc5 35. Rc1 Qb5 36. b4 Re8 37. Qf4 a5 *

[Event "BL 2018-19"]
[Site "Berlin"]
[Date "2019.03.23"]
[Round "12.13"]
[White "Pitl, Gregory"]
[Black "Miedema, David"]
[Result "0-1"]
[ECO "A06"]
[WhiteElo "2387"]
[BlackElo "2381"]
[Annotator "NA"]
[PlyCount "140"]
[EventDate "2018.11.10"]
[EventType "team-tourn"]
[EventCountry "GER"]
[SourceTitle "playchess.com"]
[Source "ChessBase"]
[SourceQuality "1"]
[WhiteTeam "Augsburg"]
[BlackTeam "Duesseldorf"]
[TimeControl "40/6000+30:3000+30"]

1. Nf3 d5 2. g3 Nf6 3. Bg2 e6 4. O-O c5 5. d4 cxd4 6. Nxd4 e5 7. Nb3 Nc6 {[%emt 0:02:01] LiveBook: 85 Games} 8. Bg5 Be6 9. e4 {[%emt 0:09:18] D02: 1 d4 d5 2 Nf3 sidelines, including 2...Nf6 3 g3 and 2...Nf6 3 Bf4} (9. Nc3 $14 d4 10. Ne4 Be7 11. Bxf6 gxf6 12. c3 Bd5 13. cxd4 exd4 14. e3 f5 15. Ned2 dxe3 16. fxe3 Bg5 17. e4 Bxb3 18. Nxb3 Qb6+ 19. Kh1 {1-0 (36) Andreikin,D (2743)-Dubov,D (2666) ICC INT 2016}) 9... d4 10. c3 Qb6 11. N1d2 $146 ({Predecessor:} 11. Bxf6 gxf6 12. N1d2 Rd8 13. Qf3 Be7 14. Rfd1 a5 15. cxd4 Nxd4 16. Nxd4 Rxd4 {0-1 (35) Salimova,N (1908)-Yildiz Kadioglu,B (2312) Plovdiv 2014}) 11... dxc3 12. bxc3 Ng4 13. Nc4 Qc7 14. Qe2 Be7 15. Bxe7 Nxe7 16. Ne3 Nxe3 17. Qxe3 O-O 18. Nc5 Bc4 19. Rfd1 Rfd8 20. a4 b6 21. Nd3 Bxd3 22. Rxd3 Rxd3 23. Qxd3 Rd8 24. Qe3 Nc6 25. Bf1 Na5 26. Ra2 Rd1 27. Kg2 Qd8 28. Be2 Rd6 29. Bb5 g6 30. h4 Kg7 31. Be2 h5 32. Bb5 Qa8 33. Be2 Qc6 34. Bb5 Qb7 35. Be2 Qc8 36. Bb5 Nb3 37. Ra3 Na5 38. Ra2 Qc7 39. Ra1 Rd8 40. Ra2 Nb7 41. Rd2 Rxd2 42. Qxd2 Nc5 43. Qd5 a6 44. Bc6 Qe7 45. Qc4 a5 46. Qb5 Qd6 47. Bd5 Kf8 48. Kf3 f5 49. Ke3 f4+ 50. Ke2 fxg3 51. fxg3 Ke7 52. Bc6 Qc7 53. Bd5 Nd7 54. Kd3 Qc5 55. Bc6 Qxb5+ 56. axb5 Nf6 57. Kc4 Ng4 58. Kd3 Nf6 59. Kc4 $1 Kd6 60. Bb7 Ng4 61. Bc6 Nf2 62. Bd5 Ke7 63. Bc6 Nh1 64. Kd5 Nxg3 65. Kxe5 Ne2 66. c4 a4 67. c5 a3 68. Bd5 Nc3 $11 (68... bxc5 $19 69. b6 Kd7) 69. cxb6 Nxd5 70. b7 Nb6 0-1

[Event "BL 2018-19"]
[Site "Berlin"]
[Date "2019.03.23"]
[Round "12.16"]
[White "Kohlweyer, Bernd"]
[Black "Kukov, Velislav"]
[Result "0-1"]
[ECO "D11"]
[WhiteElo "2342"]
[BlackElo "2362"]
[Annotator "NA"]
[PlyCount "118"]
[EventDate "2018.11.10"]
[EventType "team-tourn"]
[EventCountry "GER"]
[SourceTitle "playchess.com"]
[Source "ChessBase"]
[SourceQuality "1"]
[WhiteTeam "Duesseldorf"]
[BlackTeam "Augsburg"]
[TimeControl "40/6000+30:3000+30"]

1. d4 d5 2. c4 c6 3. Nf3 Nf6 4. e3 Bg4 5. Nc3 e6 6. Qb3 Qb6 7. Nh4 Be7 $11 8. h3 {[%emt 0:01:02] LiveBook: 71 Games} Bh5 9. g4 Bg6 10. Nxg6 hxg6 11. Bg2 g5 12. e4 Nxe4 13. Nxe4 dxe4 14. Qxb6 axb6 15. Bxe4 Nd7 16. Be3 Ra5 17. Bg2 b5 18. d5 exd5 19. cxd5 c5 20. O-O Bf6 21. Bd2 Ra6 22. Rfe1+ Kd8 23. Bc3 Re8 24. Bxf6+ Nxf6 25. Rec1 c4 26. b3 cxb3 27. axb3 Rxa1 28. Rxa1 Kc7 29. b4 Ne4 30. Rc1+ Kb6 31. d6 Nxd6 32. Rd1 Kc7 33. Rc1+ Kb6 34. Rd1 Re6 35. Bd5 Re7 36. Bf3 Kc7 37. Kg2 f6 38. Rc1+ Kd7 39. Rd1 Kc7 40. Rc1+ Kb6 41. Rd1 Nc8 42. h4 gxh4 43. g5 fxg5 44. Rd5 g4 45. Bxg4 Na7 46. Kh3 Nc6 47. Kxh4 Nxb4 48. Rd2 Nc6 49. f4 b4 50. Kg5 Kc5 51. Rc2+ Kd4 52. Bd1 Kd3 53. Rb2 b5 54. Bb3 Nd4 55. Bg8 Kc3 56. Rg2 b3 57. Kg6 Ne2 58. Rf2 b2 59. Ba2 Kc2 0-1

[Event "BL 2018-19"]
[Site "Berlin"]
[Date "2019.03.24"]
[Round "13.7"]
[White "Zumsande, Martin"]
[Black "Zude, Arno"]
[Result "1/2-1/2"]
[ECO "C50"]
[WhiteElo "2492"]
[BlackElo "2349"]
[Annotator "ChessBase"]
[PlyCount "126"]
[EventDate "2018.11.10"]
[EventType "team-tourn"]
[EventCountry "GER"]
[SourceTitle "playchess.com"]
[Source "ChessBase"]
[SourceQuality "1"]
[WhiteTeam "Werder Bremen"]
[BlackTeam "SV Hofheim"]
[TimeControl "40/6000+30:3000+30"]

1. e4 e5 2. Nf3 Nc6 3. Bc4 Bc5 4. d3 Nf6 5. O-O O-O 6. a4 a5 7. Bg5 h6 8. Bh4 Be7 9. Nc3 d6 10. Bxf6 Bxf6 11. Nd5 g6 12. c3 Bg7 13. Nd2 Nb8 14. Ne3 c6 15. Qe2 Be6 16. Bxe6 fxe6 17. g3 Nd7 18. f4 exf4 19. gxf4 Nf6 20. Rf2 Kh7 21. Raf1 d5 22. Kh1 Qc7 23. Rg1 Bh8 24. Nf3 dxe4 25. Nh4 Rg8 26. Nc4 exd3 27. Qxd3 Qd8 28. Qxd8 Raxd8 29. Nxa5 Rd5 30. Nc4 Rh5 31. Nf3 Nd5 32. Ne1 Rd8 33. Ng2 Rh3 34. Re1 b5 35. Na5 bxa4 36. Nxc6 Rc8 37. Ne5 a3 38. bxa3 Rhxc3 39. Nh4 Rc1 40. Rxc1 Rxc1+ 41. Kg2 g5 42. Nhg6 Bxe5 43. Nf8+ Kg8 44. fxe5 Nf4+ 45. Rxf4 gxf4 46. Nxe6 Rc2+ 47. Kf3 Rxh2 48. Nxf4 Ra2 49. Ke4 Rxa3 50. Kf5 Rf3 51. e6 Rf1 52. Ke5 Kg7 53. Kf5 Kf8 54. Ke5 Ke8 55. Kf5 Ke7 56. Ke5 Re1+ 57. Kf5 Rg1 58. Nd5+ Kd6 59. Nf4 Rg5+ 60. Kf6 Rg4 61. Nh5 Re4 62. Ng7 h5 63. Nxh5 Rxe6+ 1/2-1/2

[Event "BL 2018-19"]
[Site "Berlin"]
[Date "2019.03.24"]
[Round "13.8"]
[White "Kukov, Velislav"]
[Black "Wegerle, Joerg"]
[Result "1/2-1/2"]
[ECO "A07"]
[WhiteElo "2362"]
[BlackElo "2409"]
[Annotator "NA"]
[PlyCount "41"]
[EventDate "2018.11.10"]
[EventType "team-tourn"]
[EventCountry "GER"]
[SourceTitle "playchess.com"]
[Source "ChessBase"]
[SourceQuality "1"]
[WhiteTeam "Augsburg"]
[BlackTeam "Solingen"]
[TimeControl "40/6000+30:3000+30"]

1. Nf3 d5 2. g3 Nf6 3. Bg2 c6 4. O-O Bg4 5. d4 Nbd7 6. Nbd2 e6 7. Re1 Be7 8. e4 dxe4 9. Nxe4 Nxe4 10. Rxe4 Bf5 11. Re1 O-O 12. c3 Qb6 13. Qb3 h6 {[%emt 0:14:20] D02: 1 d4 d5 2 Nf3 sidelines, including 2...Nf6 3 g3 and 2...Nf6 3 Bf4} (13... a5 14. Bg5 Bd6 15. Nd2 a4 16. Qxb6 Nxb6 17. Ne4 Bxe4 18. Bxe4 h6 19. Bc1 Rfe8 20. Kf1 e5 21. dxe5 Bxe5 {1-0 (72) Meier,G (2630)-Fontaine,R (2549) chess.com INT 2017}) 14. Nd2 a5 15. Ne4 a4 16. Qxb6 Nxb6 17. Bf4 Ra7 $146 18. Bd6 Bxe4 19. Bxe7 $11 Re8 20. Bc5 Bxg2 21. Bxb6 1/2-1/2

[Event "BL 2018-19"]
[Site "Berlin"]
[Date "2019.03.24"]
[Round "13.10"]
[White "Hertneck, Gerald"]
[Black "Timman, Jan H"]
[Result "1/2-1/2"]
[ECO "E16"]
[WhiteElo "2492"]
[BlackElo "2541"]
[Annotator "ChessBase"]
[PlyCount "97"]
[EventDate "2018.11.10"]
[EventType "team-tourn"]
[EventCountry "GER"]
[SourceTitle "playchess.com"]
[Source "ChessBase"]
[SourceQuality "1"]
[WhiteTeam "Zugzwang Muenchen"]
[BlackTeam "Duesseldorf"]
[TimeControl "40/6000+30:3000+30"]

1. d4 Nf6 2. Nf3 e6 3. c4 Bb4+ 4. Bd2 Qe7 5. g3 Nc6 6. Nc3 d5 7. a3 Bxc3 8. Bxc3 Ne4 9. Qc2 f5 10. Bg2 O-O 11. b4 a6 12. Bb2 Bd7 13. O-O Be8 14. Ne5 Nxe5 15. dxe5 dxc4 16. f3 c3 17. Bc1 Nd2 18. Bxd2 cxd2 19. f4 Rd8 20. Rfd1 Qd7 21. Qc3 Qb5 22. Rxd2 Rxd2 23. Qxd2 Rf7 24. Qe3 Rd7 25. Rc1 Bh5 26. Kf2 c6 27. Rc3 Kf8 28. Rd3 Rxd3 29. Qxd3 Qxd3 30. exd3 Ke7 31. a4 Kd7 32. a5 Bd1 33. Ke3 Kc7 34. Kd4 b6 35. Kc3 Kb7 36. Kd2 Bb3 37. d4 Bd5 38. Bf1 b5 39. Be2 g6 40. g4 fxg4 41. Bxg4 Kc7 42. Ke3 Kd7 43. h4 h5 44. Bd1 Ke7 45. f5 exf5 46. Kf4 Kf7 47. Kg5 Kg7 48. Be2 Kf7 49. Bd1 1/2-1/2

[Event "BL 2018-19"]
[Site "Berlin"]
[Date "2019.03.24"]
[Round "13.13"]
[White "Miedema, David"]
[Black "Gerigk, Erasmus"]
[Result "1-0"]
[ECO "B32"]
[WhiteElo "2381"]
[BlackElo "2355"]
[Annotator "NA"]
[PlyCount "61"]
[EventDate "2018.11.10"]
[EventType "team-tourn"]
[EventCountry "GER"]
[SourceTitle "playchess.com"]
[Source "ChessBase"]
[SourceQuality "1"]
[WhiteTeam "Duesseldorf"]
[BlackTeam "Zugzwang Muenchen"]
[TimeControl "40/6000+30:3000+30"]

1. e4 c5 2. Nf3 Nc6 3. d4 cxd4 4. Nxd4 e5 5. Nb5 d6 6. N1c3 a6 7. Na3 b5 8. Nd5 Nge7 9. c4 Nd4 10. cxb5 Nxd5 11. exd5 Bd7 {[%emt 0:01:54] B32: Sicilian: Löwenthal and Kalashnikov Variations} (11... Be7 12. Bd3 O-O 13. O-O f5 14. Be3 Nxb5 15. Nc4 Rb8 16. f3 Bb7 17. a4 Nd4 18. Bxd4 exd4 19. a5 Bxd5 20. Nb6 {0-1 (48) Martinez Alcantara,J (2561)-Naiditsch,A (2711) Linares 2018}) 12. bxa6 Qa5+ 13. b4 $146 ({Predecessor:} 13. Bd2 Qxd5 14. Be3 Rb8 15. Nc4 Be7 16. Bxd4 exd4 17. Be2 Bc6 18. f3 Bh4+ 19. g3 {0-1 (35) Rodriguez Lopez,R (2312)-Reinaldo Castineira,R (2503) Gijon 2018}) 13... Qxb4+ 14. Qd2 Qa4 $2 {[%emt 0:01:52] [#]} (14... Qc5 $11 {and Black stays safe.}) 15. Rb1 $1 Rc8 16. Bd3 Be7 17. O-O O-O 18. Qb4 Qxb4 19. Rxb4 Rc3 20. Rd1 Rfc8 21. Bb2 R3c5 $18 22. Bxd4 exd4 23. Nc4 Bd8 24. Nxd6 Rc1 25. Nxc8 Rxd1+ 26. Bf1 d3 27. a7 Bb5 28. Rd4 d2 29. h4 Rxf1+ 30. Kh2 Bc7+ 31. d6 1-0

[Event "BL 2018-19"]
[Site "Berlin"]
[Date "2019.03.24"]
[Round "13.14"]
[White "Hoffmeyer, Falk"]
[Black "Schuh, Dirk"]
[Result "1-0"]
[ECO "A40"]
[WhiteElo "2337"]
[BlackElo "2395"]
[Annotator "NA"]
[PlyCount "47"]
[EventDate "2018.11.10"]
[EventType "team-tourn"]
[EventCountry "GER"]
[SourceTitle "playchess.com"]
[Source "ChessBase"]
[SourceQuality "1"]
[WhiteTeam "Zugzwang Muenchen"]
[BlackTeam "Duesseldorf"]
[TimeControl "40/6000+30:3000+30"]

1. d4 g6 2. Nf3 Bg7 3. Bg5 d6 4. e3 (4. c3 Nd7 5. Nbd2 f6 6. Bh4 Nh6 7. e4 O-O 8. Bc4+ Nf7 9. Bg3 e5 10. a4 Qe7 11. O-O a5 12. Re1 Rd8 {0-1 (44) Dvirnyy,D (2485)-Kadric,D (2554) Skopje 2018}) 4... Nd7 5. Be2 h6 6. Bh4 {[%emt 0:00:20] A41: 1 d4 d6: Tartakower System and Modern Defence} g5 7. Bg3 f5 $146 ({Predecessor:} 7... e5 8. dxe5 dxe5 9. c3 Ne7 10. h3 O-O 11. Na3 {0-1 (28) Ui Laighleis,G (1985)-Porter,L Dublin 2008}) 8. Bd3 e6 9. c3 Ne7 10. Qc2 Rf8 11. h3 e5 12. Ng1 f4 13. Bh2 Nf6 14. dxe5 dxe5 15. exf4 exf4 16. Na3 Qd5 17. O-O-O Bf5 {[%emt 0:07:16] [#]} ({Stronger than} 17... Qxa2 18. Bc4 $16) (17... Qxg2 $11 18. Nb5 Qxh1 19. Nxc7+ Kf7 20. Bc4+ Ned5 21. Rxd5 Kg8 22. Rd1+ Kh8 23. Nxa8 b5) 18. Bxf5 (18. Qa4+ $1 $16 c6 19. Bxf5 Qxf5 20. Nc4) 18... Qxf5 19. Qb3 (19. Qe2 $14) 19... Ne4 20. Nb5 Be5 21. Nf3 Rf6 22. Rhe1 $18 Nc5 23. Qc4 Bd6 24. Rd5 1-0

[Event "BL 2018-19"]
[Site "Berlin"]
[Date "2019.03.24"]
[Round "13.16"]
[White "Lammers, Markus"]
[Black "Kohlweyer, Bernd"]
[Result "1-0"]
[ECO "A47"]
[WhiteElo "2298"]
[BlackElo "2342"]
[Annotator "NA"]
[PlyCount "65"]
[EventDate "2018.11.10"]
[EventType "team-tourn"]
[EventCountry "GER"]
[SourceTitle "playchess.com"]
[Source "ChessBase"]
[SourceQuality "1"]
[WhiteTeam "Zugzwang Muenchen"]
[BlackTeam "Duesseldorf"]
[TimeControl "40/6000+30:3000+30"]

1. d4 Nf6 2. Nf3 b6 3. Bf4 Bb7 4. e3 g6 5. Be2 Bg7 6. O-O O-O 7. c4 d6 8. h3 Nbd7 9. Nc3 Ne4 10. Nxe4 Bxe4 11. Qd2 e5 12. Bh2 a5 {[%emt 0:00:23] E61: King's Indian: Early deviations for White, including Smyslov System} (12... Re8 13. Rad1 a5 14. Bg3 h6 15. dxe5 Nxe5 16. Nd4 Nd7 17. Nb5 Nc5 18. f3 Bb7 19. Nc3 h5 20. Bf2 Bh6 21. Rfe1 Re5 22. Qd4 Bg7 23. Qd2 Bh6 24. Qd4 Bg7 25. Qd2 Bh6 {½-½ (25) Paehtz,E (2495)-Javakhishvili,L (2477) Sovata 2018}) 13. Rfd1 Qe7 14. Rac1 Rfe8 $146 ({Predecessor:} 14... Rad8 15. Ne1 Bb7 16. Nc2 Qg5 17. Bf1 Rfe8 18. Qe2 exd4 19. Nxd4 Nc5 20. Nb5 {0-1 (69) Radlovacki,J (2305)-Omorjan,D (2268) Stari Banovci 2018}) 15. b3 Bb7 16. d5 f5 17. a3 h5 18. Qc2 Rf8 19. b4 g5 20. Nd2 Qf7 21. f4 $15 (21. Nf3 $1 $11) 21... Bh6 22. Nf3 gxf4 23. exf4 axb4 24. axb4 Rae8 25. Ra1 exf4 26. Ra7 Bc8 27. Rxc7 Re7 28. Nd4 Ne5 29. Rxc8 Rxc8 30. Nxf5 Qf6 31. Nxe7+ Qxe7 32. Qf5 Rf8 33. Qe6+ 1-0